 Dungeon Crawl Stone Soup version 0.30.1 (webtiles) character file.

Game seed: 2088077605595243349

28 spardeous the Digger (level 3, -2/14 HPs)
             Began as a Felid Earth Elementalist on July 11, 2023.
             Slain by an ufetubus (4 damage)
             ... on level 4 of the Dungeon.
             The game lasted 00:01:16 (631 turns).

spardeous the Digger (Felid Earth Elementalist)      Turns: 631, Time: 00:01:17

Health: -2/14      AC:  1    Str:  4    XL:     3   Next: 0%
Magic:  3/7        EV: 17    Int: 18    God:
Gold:   38         SH:  0    Dex: 16    Spells: 5/6 levels left
                                        Lives:  0   Deaths: 0

rFire   . . .        (weapon unavailable)
rCold   . . .        (shield unavailable)
rNeg    . . .        (body armour unavailable)
rPois   .            (helmet unavailable)
rElec   .            (cloak unavailable)
rCorr   .            (gloves unavailable)
SInv    +            (boots unavailable)
Will    .....        (no amulet)
Stlth   ++           (no ring)
HPRegen 0.22/turn    (no ring)
MPRegen 0.10/turn

%: no passive effects
@: very slightly contaminated, quick
A: very small, claws 1, fangs 3, see invisible, speed 1, shaggy fur 1, stealthy
paws, no weapons or thrown items, no armour, multi-lived
a: no special abilities


You were on level 4 of the Dungeon.
You visited 1 branch of the dungeon, and saw 4 of its levels.

You collected 38 gold pieces.

Inventory:

Scrolls
 d - 2 scrolls of identify {unknown}
 e - 2 scrolls of teleportation {unknown}
 h - a scroll of brand weapon {unknown}
Potions
 a - a potion of magic
 b - a potion of haste {unknown}
 c - a potion of invisibility {unknown}
 f - a potion of curing {unknown}
 g - 2 potions of heal wounds {unknown}


   Skills:
 - Level 2.6 Dodging
 - Level 2.6 Stealth
 - Level 2.0 Spellcasting
 - Level 1.1 Transmutations
 + Level 3.8 Earth Magic


You had 5 spell levels left.
You knew the following spells:

 Your Spells              Type           Power      Damage    Failure   Level
a - Sandblast             Erth           30%        2d9       3%          1

Your spell library contained the following spells:

 Spells                   Type           Power      Damage    Failure   Level
 Passwall                 Tmut/Erth      8%         N/A       10%         2
 Stone Arrow              Conj/Erth      16%        3d8       24%         3
 Petrify                  Tmut/Erth      10%        N/A       54%         4


Dungeon Overview and Level Annotations

Branches:
Dungeon (4/15)
 Temple: D:4-7

Altars:


Innate Abilities, Weirdness & Mutations

You have sharp claws.
You have razor-sharp teeth.
You have supernaturally acute eyesight. (SInv)
You cover ground quickly. (Speed+)
You are covered in fur. (AC +1)
Your paws help you pounce on unaware monsters.
You are incapable of wielding weapons or throwing items.
You cannot wear armour.
You gain extra lives every three experience levels.


Message History

You can't see any susceptible monsters within range! (Use Z to cast anyway.) Unknown command.
Found a scroll labelled SAOCAR XAWK.
The ufetubus shouts!
Casting: Sandblast (safe; 3% risk of failure)
Confirm with . or Enter, or press ? or * to list all spells.
Aiming: Sandblast (safe; 3% risk of failure)
Press: ? - help, Shift-Dir - straight line, f - ufetubus
Aim: an ufetubus (70% to hit)
The blast of sand misses the ufetubus.
The ufetubus attacks as you move away! The ufetubus hits you.
The ufetubus misses you. x3
The ufetubus attacks as you move away! The ufetubus closely misses you. x2
The ufetubus attacks as you move away! The ufetubus closely misses you.
The ufetubus hits you but does no damage.
Casting: Sandblast (safe; 3% risk of failure)
Confirm with . or Enter, or press ? or * to list all spells.
Aiming: Sandblast (safe; 3% risk of failure)
Press: ? - help, Shift-Dir - straight line, f/p - ufetubus
Aim: an ufetubus (70% to hit)
The blast of sand misses the ufetubus.
The ufetubus barely misses you. x2
The ufetubus hits you. The ufetubus misses you.
Casting: Sandblast (safe; 3% risk of failure)
Confirm with . or Enter, or press ? or * to list all spells.
Aiming: Sandblast (safe; 3% risk of failure)
Press: ? - help, Shift-Dir - straight line, f/p - ufetubus
Aim: an ufetubus (70% to hit)
You miscast Sandblast.
You are very lightly contaminated with residual magic.
Nothing appears to happen.
The ufetubus misses you. The ufetubus barely misses you.
The ufetubus misses you. The ufetubus hits you.
Casting: Sandblast (safe; 3% risk of failure)
Confirm with . or Enter, or press ? or * to list all spells.
Aiming: Sandblast (safe; 3% risk of failure)
Press: ? - help, Shift-Dir - straight line, f/p - ufetubus
Aim: an ufetubus (70% to hit)
The blast of sand misses the ufetubus.
The ufetubus hits you.
* * * LOW HITPOINT WARNING * * *
The ufetubus hits you.
You die...

## .. #. #. #.
.#####.###############
.........5@..........#
.#####..##..########.#
?.....>.##..# #.#
.......###..# #.#
.#####. #..# #<# #.
##.# #.# ## ### #.#
#.# #<#


You could see an ufetubus.

Vanquished Creatures
  2 worms (D:2)
  2 dart slugs
  An orc (D:3)
  3 ball pythons
  An endoplasm (D:2)
  A giant cockroach (D:1)
  A goblin (D:2)
  A hobgoblin (D:1)
  2 kobolds (D:2)
  2 quokkas
  A rat (D:3)
17 creatures vanquished.

Notes
Turn   | Place    | Note
-------+----------+-------------------------------------------
     0 | D:1      | spardeous the Felid Earth Elementalist began the quest for
                  | the Orb.
     0 | D:1      | Reached XP level 1. HP: 7/7 MP: 4/4
    77 | D:1      | Reached skill level 3 in Earth Magic
   200 | D:2      | Reached XP level 2. HP: 11/11 MP: 4/6
   579 | D:3      | Reached XP level 3. HP: 14/14 MP: 5/7
   631 | D:4      | Slain by an ufetubus

Illustrated notes

Levels and vault maps discovered:
D:1:      dpeg_arrival_shrine, layout_basic, minmay_pentomino_x2
D:2:      layout_rooms, minmay_indecisive_spiral, uniq_robin, uniq_terence
D:3:      layout_basic, minmay_distorted
D:4:      layout_loops_ring, nicolae_sif_muna_little_library,
          gup_sewer_entry_bubbles, lemuel_flame_loot_1

Skill      XL: |  1 |
---------------+----+-----
Earth Magic    | 3 |  3.8
Dodging        | |  2.6
Stealth        | |  2.6
Spellcasting   | |  2.0
Transmutations | |  1.1

Action                     || total
---------------------------++-------
  Melee: Unarmed           ||     1
         Bite              ||     1
   Cast: Sandblast         ||    33
 Armour: Skin              ||     1
  Dodge: Dodged            ||    17
